 Dungeon Crawl Stone Soup version 0.22-a0-443-g17c3723 (webtiles) character file.

9030 Gorglomux the Blocker (level 11, -2/103 HPs)
             Began as a Deep Dwarf Fighter on June 1, 2018.
             Was an Elder of Makhleb.
             Slain by DEFE's ghost (31 damage)
             ... on level 11 of the Dungeon.
             The game lasted 00:07:32 (6052 turns).

Gorglomux the Blocker (Deep Dwarf Fighter)          Turns: 6052, Time: 00:07:32

Health: -2/103     AC:  8    Str: 28    XL:     11   Next: 17%
Magic:  8/8        EV:  9    Int:  9    God:    Makhleb [****..]
Gold:   203        SH: 12    Dex: 12    Spells: 10/10 levels left

rFire    . . .     SeeInvis .   a - +0 war axe
rCold    . . .     Gourm    .   m - +0 shield
rNeg     . . .     Faith    .   b - +0 scale mail
rPois    +         Spirit   .   (no helmet)
rElec    .         Reflect  .   (no cloak)
rCorr    .         Harm     .   (no gloves)
MR       +....                  (no boots)
Stlth    ..........             J - amulet of the acrobat
HPRegen  0.00/turn              o - ring of poison resistance
MPRegen  0.11/turn              P - +5 ring of strength

@: non-regenerating
A: damage resistance, heal wounds, sense surroundings 2, no regeneration
a: Heal Wounds, Minor Destruction, Lesser Servant of Makhleb, Major Destruction,
Renounce Religion


You were on level 11 of the Dungeon.
You worshipped Makhleb.
Makhleb was greatly pleased with you.
You were not hungry.

You visited 2 branches of the dungeon, and saw 12 of its levels.
You also visited: Sewer.

You collected 411 gold pieces.
You spent 208 gold pieces at shops.

Inventory:

Hand Weapons
 a - a +0 war axe (weapon)
Armour
 b - a +0 scale mail (worn)
 m - a +0 shield (worn)
Jewellery
 c - an uncursed ring of protection from cold
 g - an uncursed ring of resist corrosion
 o - a ring of poison resistance (left hand)
 J - an amulet of the acrobat (around neck)
 P - a +5 ring of strength (right hand)
Wands
 A - a wand of acid (7)
 D - a wand of digging (11)
 O - a wand of clouds (4)
Scrolls
 h - 2 scrolls of blinking {unknown}
 p - 5 scrolls of fog
 G - 2 scrolls of immolation
 K - 2 scrolls of amnesia {unknown}
 M - 3 scrolls of magic mapping
 R - 10 scrolls of identify
 T - 4 scrolls of teleportation
 X - 3 scrolls of remove curse
 Y - a scroll of enchant weapon {unknown}
 Z - a scroll of enchant armour {unknown}
Potions
 d - 7 potions of might
 E - 4 potions of brilliance
 F - a potion of mutation {unknown}
 H - a potion of resistance {unknown}
 I - a potion of flight
 N - 3 potions of heal wounds
 Q - 5 potions of curing
 S - 3 potions of haste {unknown}
 U - 2 potions of agility {unknown}
 V - 3 potions of magic {unknown}
 W - a potion of ambrosia {unknown}
Comestibles
 f - 13 rations
 L - 9 chunks of flesh


   Skills:
 + Level 8.0 Fighting
 + Level 9.2 Axes
 + Level 9.5 Armour
 + Level 9.6 Shields
 + Level 8.4 Invocations


You had 10 spell levels left.
You didn't know any spells.
Your spell library contained the following spells:

 Spells                   Type           Power        Failure   Level  Hunger
 Throw Frost              Conj/Ice       #.....       93%         2    ###....
 Freeze                   Ice            #...         83%         1    ##.....
 Summon Ice Beast         Ice/Summ       #.......     100%        4    #####..
 Ozocubu's Armour         Chrm/Ice       #.......     99%         3    ####...
 Throw Icicle             Conj/Ice       #.......     100%        4    #####..


Dungeon Overview and Level Annotations

Branches:
Dungeon (11/15)            Temple (1/1) D:5            Lair (0/6) D:11
    Orc (0/2) D:11

Altars:
Ashenzari
Dithmenos
Elyvilon
Hepliaklqana
Kikubaaqudgha
Makhleb
Nemelex Xobeh
Qazlal
Ru
Sif Muna
Trog
Uskayaw
Wu Jian
Zin

Shops:
D:9 *   D:11 (

Portals:
Ossuary: D:4

Annotations:
D:9 xccam's ghost, novice MiMo
D:11 DEFE's ghost, journeyman DsMo


Innate Abilities, Weirdness & Mutations

You are resistant to damage.
You can heal yourself by infusing magical energy.
You passively map the area around you.
You do not regenerate.


Message History

You barely miss DEFE's ghost!
DEFE's ghost is lightly damaged!
DEFE'butts butt hits you!!! * * * don't die
* * * Your ufetubus misses DEFE's ghost!
Your ufetubus hits DEFE's ghost!
Your ufetubus closely misses DEFE's butt!
Your ufetubus hits DEFE's ghost but does no damage!
Your ufetubus hits DEFE's ghost!
Your ufetubus completely misses DEFE's ghost!
Your neqoxec hits DEFE's ghost but does no damage!
Your ynoxinul hits DEFE's ghost but does no damage!
Your orange demon stings DEFE's ghost butt afar!!!
Your shield and scale mail prevent you from hitting BUTT's ghost!
DEFE's ghost is moderately damaged!
Your ufetubus butt-ly misses DEFE's ghost!
Your ufetubus misses DEFE's ghost! x2
Your ufetubus barely misses DEFE's ghost!
Butt's butts barely misses DEFE's ghost!
Your ufetubus misses DEFE's ghost! DEFE'butts ghost hits you!!!!!! rip

..#######..#.###.#.######
* ...# ##.....#.#.# ...#
##.....#.#.#
...######..._..#.#.#
...'...........#.#.#
...#######.....#.#.#
..).# #........#.# ....#
##.#...433.# ....#
#.#...5@W5# ....#
#.#....55.# ###.#
*.####..#.# .# , ...u..#
*.# ** ,......... ..,
,...........# * *
**##.........#
#.........# * #.........#


You could see a purple ugly thing, DEFE's ghost, a friendly orange demon, a
friendly neqoxec, a friendly ynoxinul and 4 friendly ufetubi.

Vanquished Creatures
  An unseen horror (D:11)
  A gargoyle (D:11)
  2 trolls
  2 hippogriffs
  Eustachio (D:4)
  10 yaks
  A wyvern (D:9)
  A hungry ghost (D:7)
  Menkaure (D:4)
  Duvessa (D:4)
  3 orc warriors
  A phantom (D:8)
  4 ice beasts
  10 ogres
  7 centaurs
  2 big kobolds
  7 bullfrogs
  Dowan (D:4)
  2 scorpions
  3 wights (D:11)
  17 killer bees
  A howler monkey (D:5)
  4 crimson imps
  A bullfrog zombie (D:5)
  2 jellies
  8 hounds
  3 centaur skeletons
  3 orc priests
  2 bullfrog skeletons
  An iguana (D:9)
  12 worker ants
  10 orc wizards
  A hound zombie (D:5)
  A hound skeleton (D:5)
  2 worker ant zombies
  A howler monkey skeleton (D:6)
  10 adders
  4 river rats (Sewer)
  3 shadow imps
  An ooze (Sewer)
  2 adder skeletons
  A worm (D:5)
  A dart slug (D:1)
  3 leopard geckos
  19 orcs
  2 giant cockroaches
  A goblin (D:3)
  2 hobgoblins
  10 jackals
  A quokka (D:6)
  12 ball pythons
  3 bats
  8 frilled lizards
  15 kobolds
  A quokka skeleton (D:4)
  26 rats
255 creatures vanquished.

Vanquished Creatures (collateral kills)
  An ogre (D:11)
1 creature vanquished.

Vanquished Creatures (others)
  An orc wizard (D:6)
  2 plants (D:11)
3 creatures vanquished.

Grand Total: 259 creatures vanquished

Notes
Turn   | Place    | Note
-------+----------+-------------------------------------------
     0 | D:1      | Gorglomux the Deep Dwarf Fighter began the quest for the Orb.
     0 | D:1      | Reached XP level 1. HP: 20/20 MP: 1/1
   260 | D:2      | Reached XP level 2. HP: 20/27 MP: 2/2
   456 | D:3      | Found a hide-covered altar of Uskayaw.
   488 | D:3      | Found a glowing drain.
   499 | Sewer    | Entered a sewer
   537 | Sewer    | Reached skill level 3 in Fighting
   568 | Sewer    | Reached XP level 3. HP: 33/34 MP: 2/2
   623 | Sewer    | Reached skill level 3 in Axes
   625 | Sewer    | Reached XP level 4. HP: 34/42 MP: 3/3
   839 | Sewer    | Noticed a bullfrog
   839 | Sewer    | Noticed a bullfrog
   855 | Sewer    | Reached XP level 5. HP: 35/49 MP: 4/4
   869 | Sewer    | Reached XP level 6. HP: 17/57 MP: 5/5
  1066 | D:4      | Noticed Menkaure
  1067 | D:4      | Noticed Duvessa
  1068 | D:4      | Noticed Dowan
  1074 | D:4      | HP: 2/57 [Duvessa/short sword (2)]
  1078 | D:4      | Killed Menkaure
  1091 | D:4      | Killed Duvessa
  1091 | D:4      | Reached XP level 7. HP: 52/64 MP: 5/5
  1093 | D:4      | Killed Dowan
  1163 | D:4      | Noticed Eustachio
  1208 | D:4      | Killed Eustachio
  1308 | D:4      | Found a sand-covered staircase.
  1470 | D:4      | Found a white marble altar of Elyvilon.
  1503 | D:5      | Entered Level 5 of the Dungeon
  1653 | D:5      | Found a sacrificial altar of Ru.
  1673 | D:5      | Reached skill level 6 in Shields
  1713 | D:5      | Reached skill level 6 in Armour
  1729 | D:5      | Found a staircase to the Ecumenical Temple.
  1734 | D:5      | Reached XP level 8. HP: 52/74 MP: 5/5
  1757 | Temple   | Entered the Ecumenical Temple
  1776 | Temple   | Became a worshipper of Makhleb the Destroyer
  2169 | D:6      | Reached skill level 1 in Invocations
  2180 | D:6      | Reached skill level 6 in Axes
  2430 | D:6      | Reached skill level 3 in Invocations
  2457 | D:6      | Reached * piety under Makhleb
  2503 | D:6      | Found an ornate altar of the Wu Jian Council.
  2524 | D:6      | Gained mutation: You passively map the area around you. [Deep Dwarf growth]
  2524 | D:6      | Reached XP level 9. HP: 35/82 MP: 8/8
  2534 | D:6      | Reached skill level 6 in Fighting
  2688 | D:6      | Found a deep blue altar of Sif Muna.
  3721 | D:8      | Reached skill level 6 in Invocations
  3721 | D:8      | Reached XP level 10. HP: 44/92 MP: 9/9
  3758 | D:8      | Reached ** piety under Makhleb
  3922 | D:8      | Found a deep blue altar of Sif Muna.
  3944 | D:8      | Found a stormy altar of Qazlal.
  4035 | D:8      | Found a deep blue altar of Sif Muna.
  4553 | D:9      | Found Meimo's General Store.
  4574 | D:9      | Bought a scroll of teleportation for 48 gold pieces
  4574 | D:9      | Bought a potion of might for 64 gold pieces
  4574 | D:9      | Bought a scroll of teleportation for 48 gold pieces
  4574 | D:9      | Bought a potion of curing for 48 gold pieces
  4651 | D:9      | Reached *** piety under Makhleb
  4745 | D:9      | Noticed xccam's ghost (novice MiMo)
  4770 | D:9      | HP: 1/94 [xccam's ghost (17)]
  4788 | D:10     | Entered Level 10 of the Dungeon
  4841 | D:10     | Reached skill level 9 in Shields
  4855 | D:10     | Reached skill level 9 in Armour
  5450 | D:10     | Reached skill level 9 in Axes
  5532 | D:10     | Reached **** piety under Makhleb
  5557 | D:10     | Reached XP level 11. HP: 67/103 MP: 7/9
  5906 | D:11     | Found Vulle Jomn's Weapon Shoppe.
  5969 | D:11     | Killed an unseen horror
  5989 | D:11     | Found a bloodstained altar of Trog.
  6010 | D:11     | Found a staircase to the Lair.
  6032 | D:11     | Noticed DEFE's ghost (journeyman DsMo)
  6048 | D:11     | Noticed a purple ugly thing
  6052 | D:11     | Slain by DEFE's ghost

Vault maps used:
D:1:      nagdon_arrival_double_spiral
D:3:      fedhas_altar_2, eat_drink_and_be_merry_uskayaw,
          cheibrodos_sewer_entry_sluice, serial_undead, serial_undead_d,
          serial_undead_a, serial_undead_d, serial_undead_f, serial_undead_d,
          grunt_ministairs_10
D:4:      corexii_shantytown, elyvilon_altar_3, first_ration, enter_ossuary_2,
          uniq_eustachio, uniq_duvessa, uniq_menkaure
D:5:      minmay_temple_entry_grid, nicolae_ru_sacrificial_ziggurat
D:6:      kennysheep_orc_sif_temple, kennysheep_little_box, st_stairs_3,
          minmay_misc_feat_more_columns
D:8:      nicolae_qazlal_style_of_elements, old_standard_altar, basic_altar
D:9:      serial_shops, nicolae_shop_crystal
D:11:     minmay_tearing_corner, david_lair_shrubbed, zombieorc1_lemuel,
          basic_altar, serial_shops, shop
Temple:   eino_temple_rhombus
Sewer:    sewer_minmay_w

Skill      XL: |  1  2  3  4  5  6  7  8  9 10 11 |
---------------+----------------------------------+-----
Fighting       | 3 4 5 6 7 8 |  8.0
Axes           | 3 4 5 6 7 9 |  9.2
Shields        | 4 5 6 7 8 9 |  9.6
Armour         | 4 5 6 7 8 9 |  9.5
Invocations    | 3 6 8 |  8.4

Action                   |  1- 3 |  4- 6 |  7- 9 | 10-12 || total
-------------------------+-------+-------+-------+-------++-------
Melee: War axe           |    96 |   123 |   415 |   364 ||   998
Invok: Minor Destruction |       |       |       |     7 ||     7
       Lesser Servant of |       |       |       |     3 ||     3
 Abil: Heal Wounds       |     4 |     5 |    17 |    12 ||    38
  Use: Potion            |       |     4 |     2 |       ||     6
       Scroll            |       |       |       |     8 ||     8
  Eat: Chunk             |       |     1 |    16 |     9 ||    26
Armor: Scale mail        |    42 |   112 |   191 |   130 ||   475
       Skin              |       |       |    42 |       ||    42
Dodge: Dodged            |    46 |    80 |   134 |   175 ||   435
Block: Shield            |    72 |   117 |   315 |   293 ||   797

Table legend:
 A = Spawn XP
 B = Non-spawn XP
 C = Spawn XP percentage of total XP
 D = Spawn monster count
 E = Non-spawn monster count
 F = Spawn count percentage of total count
 G = Total turns spent on level
                    A         B        C        D         E        F      G
               +---------+---------+-------+---------+---------+-------+---------
         Total |       0 |   12900 |   0.0 |       0 |     257 |   0.0 |  6052
               +---------+---------+-------+---------+---------+-------+---------
           D:1 |       0 |      11 |   0.0 |       0 |       7 |   0.0 |   258
           D:2 |       0 |       2 |   0.0 |       0 |       2 |   0.0 |   162
           D:3 |       0 |      26 |   0.0 |       0 |      14 |   0.0 |   158
           D:4 |       0 |     762 |   0.0 |       0 |      13 |   0.0 |   516
           D:5 |       0 |     550 |   0.0 |       0 |      18 |   0.0 |   627
           D:6 |       0 |    2296 |   0.0 |       0 |      33 |   0.0 |   645
           D:7 |       0 |     936 |   0.0 |       0 |      22 |   0.0 |   847
           D:8 |       0 |    1758 |   0.0 |       0 |      28 |   0.0 |   613
           D:9 |       0 |    1370 |   0.0 |       0 |      22 |   0.0 |   527
          D:10 |       0 |    3176 |   0.0 |       0 |      41 |   0.0 |  1066
          D:11 |       0 |    1632 |   0.0 |       0 |       9 |   0.0 |   198
         Sewer |       0 |     381 |   0.0 |       0 |      48 |   0.0 |   409
               +---------+---------+-------+---------+---------+-------+---------
